 Dungeon Sprint DCSS version 0.21-a0-49-g7bf2ba4 (webtiles) character file.

68 Kidiri the Skirmisher (level 4, -6/44 HPs)
             Began as a Hill Orc Monk on June 10, 2017.
             Mangled by a water elemental (19 damage)
             ... in the Dungeon (Sprint III: "The Ten Rune Challenge").
             The game lasted 00:02:36 (381 turns).

Kidiri the Skirmisher (Hill Orc Monk)                Turns: 381, Time: 00:02:37

Health: -6/44      AC:  2    Str: 13    XL:     4   Next: 19%
Magic:  4/4        EV: 13    Int: 10    God:
Gold:   21         SH:  0    Dex: 12    Spells: 3/3 levels left

rFire    . . .     SeeInvis .   a - +0 falchion
rCold    . . .     Gourm    .   (no shield)
rNeg     . . .     Faith    .   b - +0 robe
rPois    .         Spirit   .   (no helmet)
rElec    .         Reflect  .   (no cloak)
rCorr    .         Harm     .   (no gloves)
MR       .....     NoTele   +   (no boots)
Stlth    ++........             (no amulet)
Regen    0.2/turn               (no ring)
MPRegen  0.1/turn               (no ring)

@: no status effects
A: claws 1, clumsy 1
a: no special abilities


You were in the Dungeon.
You were not hungry.

You visited 1 branch You collected 21 gold pieces.

Inventory:

Hand Weapons
 a - a +0 falchion (weapon)
Armour
 b - a +0 robe (worn)
Scrolls
 i - a scroll of blinking
 k - a scroll of holy word
 m - 2 scrolls of remove curse
 o - a scroll of immolation
 p - a scroll of enchant armour {unknown}
Potions
 d - a potion of curing
 f - a potion of haste
 g - 3 potions of magic
 h - a potion of berserk rage
 n - 2 potions of ambrosia
 r - 2 potions of flight
Comestibles
 c - 3 bread rations
 j - 4 chunks of flesh
 q - a royal jelly


   Skills:
 * Level 5.9 Fighting
 * Level 5.3 Long Blades
 + Level 2.7 Armour
 * Level 4.0 Dodging
 + Level 2.8 Stealth


You had 3 spell levels left.
You didn't know any spells.

Dungeon Overview and Level Annotations

Branches:
Dungeon (1/1)

Altars:


Innate Abilities, Weirdness & Mutations

You have sharp fingernails.
You are clumsy. (Dex -2)


Message History

The water elemental is heavily damaged.
The water elemental barely misses you.
You hit the water elemental but do no damage.
The water elemental is heavily damaged.
The water elemental closely misses you.
You barely miss the water elemental.
The water elemental is heavily damaged.
The water elemental hits you!
* * * LOW HITPOINT WARNING * * *
The water elemental engulfs you in water!
With effort, you pull free of the water engulfing you.
You gasp with relief as air once again reaches your lungs.
Okay, then.
You hit the water elemental.
The water elemental is heavily damaged.
The water elemental misses you. The water elemental closely misses you.
You hit the water elemental.
The water elemental is severely damaged.
The water elemental hits you!!
You die...

▓▓▓▓▓▓▓▓▓ ▓▓▓ ▓<..#...####
##.# ▓...#......#####..#
▓..##.......#..#..#
▓##.##.##...#..#..###+#+##
##.##.###..##+#..#.......
▓#.####.##[.###...'.⌠.....
▓.###..##..####...#...####
▓#.....##.@###....#.⌠.#
###..##..E##.....#...#
##..##....#......#+###
#..###..##.#.....# #..#
#..#####....# ▓▓▓▓ ▓▓▓▓
▓▓▓▓▓▓


You could see a water elemental.

Vanquished Creatures
  Jessica (D)
  A human (D)
  A wolf (D)
  2 oozes (D)
  A rat (D)
6 creatures vanquished.

Vanquished Creatures (others)
  2 draconian scorchers (D)
  6 hellions (D)
  A yaktaur (D)
  3 plants (D)
12 creatures vanquished.

Grand Total: 18 creatures vanquished

Notes
Turn   | Place    | Note
-------+----------+-------------------------------------------
     0 | D        | Kidiri the Hill Orc Monk began the quest for the Orb.
     0 | D        | Reached XP level 1. HP: 19/19 MP: 1/1
    11 | D        | Reached skill level 1 in Armour
    54 | D        | Reached XP level 2. HP: 23/27 MP: 2/2
    90 | D        | Noticed Jessica
   113 | D        | Killed Jessica
   113 | D        | Reached skill level 5 in Fighting
   113 | D        | Reached XP level 3. HP: 34/36 MP: 3/3
   129 | D        | Killed a hellion
   129 | D        | Killed a yaktaur
   133 | D        | Killed a white draconian scorcher
   155 | D        | Killed a hellion
   155 | D        | Killed a hellion
   175 | D        | Killed a white draconian scorcher
   191 | D        | Reached skill level 5 in Long Blades
   253 | D        | Killed a hellion
   266 | D        | Killed a hellion
   313 | D        | Killed a hellion
   324 | D        | Reached XP level 4. HP: 44/44 MP: 4/4
   344 | D        | Gained mutation: You are clumsy. (Dex -2) [potion of mutation]
   344 | D        | Gained mutation: You are weak. (Str -2) [potion of mutation]
   344 | D        | Gained mutation: You are partially covered in icy blue scales. (AC +2) [potion of mutation]
   345 | D        | Lost mutation: You are partially covered in icy blue scales. (AC +2) [potion of mutation]
   345 | D        | Lost mutation: You are clumsy. (Dex -2) [potion of mutation]
   345 | D        | Lost mutation: You are weak. (Str -2) [potion of mutation]
   345 | D        | Gained mutation: You expend magic power (3 MP) to strengthen your wands. [potion of mutation]
   345 | D        | Gained mutation: You are agile. (Dex +2) [potion of mutation]
   346 | D        | Lost mutation: You expend magic power (3 MP) to strengthen your wands. [potion of mutation]
   346 | D        | Lost mutation: You are agile. (Dex +2) [potion of mutation]
   346 | D        | Gained mutation: Your spells are a little harder to cast, but a little more powerful. [potion of mutation]
   346 | D        | Gained mutation: Your flesh is heat resistant. (rF+) [potion of mutation]
   347 | D        | Lost mutation: Your flesh is heat resistant. (rF+) [potion of mutation]
   347 | D        | Lost mutation: Your spells are a little harder to cast, but a little more powerful. [potion of mutation]
   347 | D        | Gained mutation: You are clumsy. (Dex -2) [potion of mutation]
   347 | D        | Gained mutation: You have sharp fingernails. [potion of mutation]
   359 | D        | Noticed a water elemental
   381 | D        | Mangled by a water elemental

Vault maps used:
D:        dungeon_sprint_mu

Skill      XL: |  1  2  3 |
---------------+----------+-----
Fighting       | 4 5 |  5.9
Armour         | 1 2 |  2.7
Long Blades    | 4 5 |  5.3
Dodging        | 3 4 |  4.0
Stealth        | 2 |  2.8

Action                   |  1- 3 |  4- 6 || total
-------------------------+-------+-------++-------
Melee: Falchion          |    33 |    12 ||    45
  Use: Potion            |     1 |     4 ||     5
       Scroll            |       |     3 ||     3
 Stab: Sleeping          |     1 |       ||     1
       Distracted        |     1 |       ||     1
Armor: Robe              |     3 |     1 ||     4
Dodge: Dodged            |    24 |     9 ||    33
       Rpst.: Falchion   |    11 |       ||    11
